 Dungeon Crawl Stone Soup version 0.26.0-10-g1f06aea511 (webtiles) character file.

Game seed: 5691381003778374696

40570 DildoBatman the Geomancer (level 14, -5/101 HPs)
             Began as a Formicid Conjurer on Jan 14, 2021.
             Shot with an arrow by a centaur (10 damage)
             ... led by a centaur warrior
             ... on level 15 of the Dungeon.
             The game lasted 01:26:34 (19994 turns).

DildoBatman the Geomancer (Formicid Conjurer)      Turns: 19994, Time: 01:26:34

Health: -5/101     AC: 11    Str: 15    XL:     14   Next: 45%
Magic:  20/26      EV: 13    Int: 23    God:
Gold:   2085       SH: 10    Dex:  9    Spells: 5/29 levels left

rFire    . . .     SeeInvis +   a - +11 falchion "Fiatofof" {drain, *Slow +Blink Stlth+}
rCold    . . .     Faith    .   Y - +0 kite shield
rNeg     + + +     Spirit   .   O - +0 steam dragon scales
rPois    +         Reflect  .   (helmet unavailable)
rElec    .         Harm     .   (no cloak)
rCorr    .         Rampage  .   d - +2 pair of gloves {Str+3}
Will     +....                  J - +0 pair of boots
Stlth    +++.......             (no amulet)
HPRegen  0.26/turn              f - ring "Puhuz" {*Tele rN+++}
MPRegen  0.20/turn              y - ring of poison resistance

@: no status effects
A: permanent stasis, dig shafts and tunnels, four strong arms, antennae 3
a: Dig, Shaft Self


You were on level 15 of the Dungeon.
You visited 3 branches of the dungeon, and saw 18 of its levels.
You also visited: Bailey.

You collected 2085 gold pieces.

Inventory:

Hand Weapons
 a - the +11 falchion "Fiatofof" (weapon) {drain, *Slow +Blink Stlth+}
   (You found it on level 8 of the Dungeon)

   A truly terrible weapon, it drains the life of those it strikes.
   It lets you blink.
   It may slow you when you take damage.
   It makes you more stealthy.
 b - a +2 glaive of venom
 c - a +0 hunting sling
Missiles
 i - 5 throwing nets
 k - 102 sling bullets
 s - 67 poisoned darts (quivered)
 B - 8 javelins
 E - 299 arrows
 I - 5 atropa-tipped darts
 K - 132 bolts
Armour
 d - a +2 pair of gloves of strength (worn)
 v - a +2 ring mail of cold resistance
 J - a +0 pair of boots (worn)
 O - +0 steam dragon scales (worn)
 Y - a +0 kite shield (worn)
Jewellery
 f - the ring "Puhuz" (left hand) {*Tele rN+++}
   (You took it off a gnoll shaman in a bailey)

   [ring of teleportation]

   It may teleport you next to monsters.
   It renders you almost immune to negative energy.
 j - an uncursed ring of fire
 y - a ring of poison resistance (right hand)
 L - an uncursed ring of protection from cold
Wands
 g - a wand of acid (7)
 A - a wand of iceblast (12)
 S - a wand of paralysis (5)
 U - a wand of flame (84)
 V - a wand of disintegration (21)
Scrolls
 e - 2 scrolls of vulnerability {unknown}
 l - a scroll of holy word {unknown}
 m - 2 scrolls of enchant weapon {unknown}
 t - 3 scrolls of fog
 w - 4 scrolls of immolation
 x - 6 scrolls of remove curse
 z - 3 scrolls of identify
 H - a scroll of torment {unknown}
 M - a scroll of random uselessness {unknown}
 R - 4 scrolls of amnesia
 T - a scroll of noise {unknown}
 Z - 2 scrolls of brand weapon {unknown}
Potions
 h - 7 potions of curing
 n - 2 potions of degeneration {unknown}
 o - 4 potions of flight
 p - a potion of magic {unknown}
 q - 3 potions of invisibility
 r - 2 potions of attraction {unknown}
 u - 2 potions of resistance
 C - 2 potions of haste {unknown}
 D - 2 potions of might {unknown}
 F - 3 potions of brilliance {unknown}
 G - a potion of heal wounds {unknown}
 W - a potion of mutation {unknown}
Miscellaneous
 N - a lightning rod (4/4)
 P - a phial of floods


   Skills:
 - Level 6.6 Fighting
 - Level 1.0 Long Blades
 - Level 1.0 Polearms
 - Level 6.6 Armour
 - Level 4.6 Dodging
 - Level 2.4 Stealth
 - Level 9.0 Shields
 - Level 8.0 Spellcasting
 - Level 6.0 Conjurations
 - Level 10.0 Necromancy
 - Level 6.0 Transmutations
 - Level 5.0 Fire Magic
 - Level 4.0 Air Magic
 * Level 14.3 Earth Magic
 - Level 4.0 Poison Magic


You had 5 spell levels left.
You knew the following spells:

 Your Spells              Type           Power        Failure   Level
a - Borgnjor's Vile Clut  Necr/Erth      30%          1%          5
b - Conjure Flame         Conj/Fire      34%          2%          3
c - Magic Dart            Conj           100%         1%          1
d - Vampiric Draining     Necr           26%          1%          3
e - Mephitic Cloud        Conj/Pois/Air  30%          3%          3
f - Ignite Poison         Fire/Tmut/Pois 32%          2%          3
h - Dispel Undead         Necr           53%          1%          4
z - Sublimation of Blood  Necr           26%          1%          2

Your spell library contained the following spells:

 Spells                   Type           Power        Failure   Level
 Pain                     Necr           100%         1%          1
 Sting                    Tmut/Pois      100%         1%          1
 Corpse Rot               Necr/Air       N/A          1%          2
 Poisonous Vapours        Pois/Air       54%          1%          2
 Searing Ray              Conj           72%          1%          2
 Leda's Liquefaction      Hex/Erth       21%          3%          4
 Agony                    Necr           53%          3%          5
 Dazzling Flash           Conj/Hex       46%          6%          3
 Bolt of Magma            Conj/Fire/Erth 24%          6%          5
 Call Imp                 Summ           9%           11%         2
 Slow                     Hex            9%           11%         2
 Olgreb's Toxic Radiance  Pois           27%          13%         4
 Fulminant Prism          Conj/Hex       11%          21%         4
 Iskenderun's Mystic Bla  Conj/Tloc      23%          21%         4
 Iron Shot                Conj/Erth      27%          16%         6
 Statue Form              Tmut/Erth      36%          16%         6
 Death Channel            Necr           26%          17%         6
 Simulacrum               Ice/Necr       16%          80%         6
 Haunt                    Necr/Summ      16%          100%        7
 Borgnjor's Revivificati  Necr           26%          100%        8
 Infestation              Necr           26%          100%        8
 Necromutation            Tmut/Necr      23%          100%        8
 Death's Door             Necr           26%          100%        9
 Shatter                  Erth           33%          100%        9
 Blink                    Tloc           Unusable     N/A         2

Dungeon Overview and Level Annotations

Branches:
Dungeon (15/15)            Temple (1/1) D:4            Lair (0/6) D:8
    Orc (2/2) D:12         Vaults (0/5) D:14         Bailey (visited)
    Elf: Orc:2       Depths: D:15

Altars:
Ashenzari
Cheibriados
Dithmenos
Elyvilon
Fedhas
Gozag
Hepliaklqana
Kikubaaqudgha
Makhleb
Nemelex Xobeh
Okawaru
Qazlal
Ru
Sif Muna
Trog
Uskayaw
Vehumet
Wu Jian
Xom
Yredelemnul
Zin
The Shining One

Shops:
D:5 :   D:15 =   Orc:1 (

Portals:
Abyss: Orc:2

Annotations:
D:9 1 runed translucent door
D:11 1 runed translucent door, dracos369's ghost, journeyman VSFi
Orc:2 exclusions: hell hound, lurking horror and sensed monster (detected)


Innate Abilities, Weirdness & Mutations

You cannot be hasted, slowed, berserked, paralysed or teleported.
You can dig through walls and to a lower floor.
Your four strong arms can wield two-handed weapons with a shield.
You have a pair of large antennae on your head. (SInv)


Message History

You slash the centaur warrior!
The centaur warrior is heavily wounded.
The zombie hands constrict the centaur warrior!
The zombie hands constrict the centaur!
You kill the centaur!
The zombie hands constrict the centaur!
You kill the centaur!
The centaur warrior hits you. The centaur warrior barely misses you.
You riposte.
You hit the centaur warrior. You drain the centaur warrior.
The centaur warrior is almost dead.
You slash the centaur warrior!
You kill the centaur warrior!
The centaur shoots an arrow.
The arrow hits you.
The centaur shoots an arrow.
The arrow hits you!
You die...

### ###.## #.=cJ#
.{.c.{## cc.##{{##
#.c###..## ###
##(c##.c.########(##
..#c(.J.c(((cJc)@#.#
#####(((############
.############
#..#.....#..###
##.......#....#
#...._....#
##......)).#
)..#.......#
#..###...###


You could see 2 centaurs and a jelly.

Vanquished Creatures
  Jorgrun (D:13)
  Agnes (D:15)
  Roxanne (D:15)
  2 ettins
  A boulder beetle (D:15)
  A hydra (D:12)
  2 two-headed ogres
  2 centaur warriors (D:15)
  2 unseen horrors
  3 orc knights
  11 ugly things
  5 cyclopes
  An orc sorcerer (Orc:2)
  2 manticores
  Maurice (D:8)
  A gargoyle (D:14)
  A cane toad (shapeshifter) (D:13)
  Maggie (D:8)
  A meliai (shapeshifter) (D:14)
  7 trolls
  A polar bear (shapeshifter) (D:14)
  A blink frog (shapeshifter) (D:14)
  4 slime creatures (D:13)
  5 shadows
  A wraith (D:12)
  2 wyverns (D:9)
  A basilisk (D:14)
  12 yaks
  A steam dragon (D:12)
  4 vampire mosquitoes
  4 wargs
  A two-headed ogre zombie (Orc:2)
  An acid dragon (D:11)
  Edmund (D:4)
  Duvessa (D:6)
  A water moccasin (D:6)
  31 orc warriors
  2 eyes of draining
  A human skeleton (D:11)
  2 ice beasts
  A black bear (D:10)
  13 ogres
  5 phantoms
  7 sky beasts
  A manticore skeleton (D:11)
  12 centaurs
  3 big kobolds
  10 bullfrogs
  8 gnoll sergeants (Bailey)
  Dowan (D:6)
  A yaktaur skeleton (D:11)
  6 scorpions
  2 troll zombies (Orc:1)
  2 warg skeletons (Orc:1)
  12 killer bees (D:7)
  8 wights
  A jelly (D:15)
  2 troll skeletons
  7 howler monkeys
  2 centaur zombies
  A quasit (D:13)
  6 hounds
  18 orc priests
  2 bullfrog zombies
  4 centaur skeletons
  8 gnoll shamans
  4 bullfrog skeletons
  8 iguanas
  24 orc wizards
  7 worker ants
  2 ogre zombies
  8 ogre skeletons
  A hound skeleton (D:11)
  26 gnolls
  7 orc zombies
  9 adders
  2 shadow imps
  6 white imps
  2 oozes (D:2)
  2 adder skeletons
  2 adder zombies (D:6)
  32 orc skeletons
  2 worms
  5 dart slugs
  5 leopard geckos
  77 orcs
  4 giant cockroaches
  6 goblins
  5 hobgoblins
  10 jackals
  4 quokkas
  A ball python (D:3)
  10 bats
  7 frilled lizards
  2 gnoll zombies (D:4)
  36 kobolds
  A quokka skeleton (D:4)
  6 rats
590 creatures vanquished.

Vanquished Creatures (others)
  An electric eel (D:11)
  An orc skeleton (Orc:2)
  11 fungi (D:5)
  36 plants
49 creatures vanquished.

Grand Total: 639 creatures vanquished

Notes
Turn   | Place    | Note
-------+----------+-------------------------------------------
     0 | D:1      | DildoBatman the Formicid Conjurer began the quest for the
                  | Orb.
     0 | D:1      | Reached XP level 1. HP: 13/13 MP: 3/3
   199 | D:1      | Reached XP level 2. HP: 19/19 MP: 0/5
   252 | D:1      | Learned a level 2 spell: Searing Ray
   826 | D:1      | Reached XP level 3. HP: 18/24 MP: 2/6
  1250 | D:2      | Reached skill level 5 in Conjurations
  1250 | D:2      | Reached XP level 4. HP: 29/30 MP: 0/7
  1868 | D:2      | Found a blossoming altar of Fedhas.
  2202 | D:3      | Reached XP level 5. HP: 34/36 MP: 1/8
  2288 | D:3      | Noticed a phantom
  2487 | D:3      | Reached skill level 1 in Fighting
  2514 | D:3      | Reached skill level 1 in Armour
  2856 | D:3      | Found a radiant altar of Vehumet.
  2859 | D:3      | Found a hide-covered altar of Uskayaw.
  2862 | D:3      | Found an iron altar of Okawaru.
  2907 | D:3      | Reached XP level 6. HP: 33/43 MP: 1/10
  3351 | D:4      | Found a staircase to the Ecumenical Temple.
  3359 | Temple   | Entered the Ecumenical Temple
  3468 | Temple   | Became a worshipper of Kikubaaqudgha
  3551 | D:4      | Noticed Edmund
  3670 | D:4      | Found a basalt altar of Yredelemnul.
  3739 | D:4      | Killed Edmund
  3768 | D:4      | Reached XP level 7. HP: 39/50 MP: 2/12
  3963 | D:4      | Reached skill level 5 in Spellcasting
  4046 | D:4      | Reached * piety under Kikubaaqudgha
  4046 | D:4      | Identified Kikubaaqudgha's Compendium of Darkness
                  | (Kikubaaqudgha gifted it to you on level 4 of the Dungeon)
  4046 | D:4      | Received a gift from Kikubaaqudgha
  4286 | D:4      | Reached XP level 8. HP: 32/56 MP: 9/17
  4354 | D:4      | Reached ** piety under Kikubaaqudgha
  4709 | D:2      | You fall into a shaft and drop 1 floor!
  4712 | D:3      | You fall into a shaft and drop 3 floors!
  4897 | D:6      | Found a bloodstained altar of Trog.
  4958 | D:6      | Learned a level 3 spell: Conjure Flame
  4962 | D:6      | Learned a level 3 spell: Mephitic Cloud
  4965 | D:6      | Learned a level 2 spell: Sublimation of Blood
  4969 | D:6      | Learned a level 3 spell: Vampiric Draining
  5046 | D:6      | HP: 2/57 [orc warrior/cursed -1 war axe (14)]
  5048 | D:6      | Reached skill level 1 in Poison Magic
  5389 | D:6      | Reached skill level 1 in Fire Magic
  5463 | D:6      | Reached skill level 1 in Air Magic
  5463 | D:6      | Reached XP level 9. HP: 55/64 MP: 16/19
  5508 | D:6      | Noticed Duvessa
  5546 | D:6      | Killed Duvessa
  5622 | D:6      | Noticed Dowan
  5668 | D:6      | Killed Dowan
  5714 | D:6      | Learned a level 3 spell: Ignite Poison
  5939 | D:5      | Entered Level 5 of the Dungeon
  5951 | D:5      | Reached *** piety under Kikubaaqudgha
  5951 | D:5      | Identified Kikubaaqudgha's Guide on Evil Magic
                  | (Kikubaaqudgha gifted it to you on level 5 of the Dungeon)
  5951 | D:5      | Received a gift from Kikubaaqudgha
  5965 | D:5      | Learned a level 4 spell: Dispel Undead
  6193 | D:5      | Found an opulent altar of Gozag.
  6204 | D:5      | Found Mojatoz's Book Emporium.
  6596 | D:7      | Noticed a two-headed ogre
  6629 | D:7      | Reached skill level 1 in Transmutations
  7409 | D:7      | Reached skill level 1 in Necromancy
  7437 | D:7      | Killed a two-headed ogre
  7438 | D:7      | Reached XP level 10. HP: 69/73 MP: 0/21
  7613 | D:7      | Reached skill level 5 in Armour
  7673 | D:7      | Reached skill level 5 in Fighting
  7694 | D:7      | Reached **** piety under Kikubaaqudgha
  7696 | D:7      | Reached skill level 1 in Polearms
  8178 | D:8      | Learned a level 5 spell: Borgnjor's Vile Clutch
  8189 | D:8      | Reached skill level 1 in Earth Magic
  8282 | D:8      | Reached skill level 2 in Earth Magic
  8332 | D:8      | Noticed Maurice
  8365 | D:8      | Killed Maurice
  8366 | D:8      | Reached skill level 4 in Earth Magic
  8513 | D:8      | Noticed Maggie
  8560 | D:8      | Reached skill level 5 in Earth Magic
  8572 | D:8      | Killed Maggie
  8669 | D:8      | Found a flagged portal.
  8689 | Bailey   | Entered a bailey
  8799 | Bailey   | Reached ***** piety under Kikubaaqudgha
  8800 | Bailey   | Reached skill level 6 in Earth Magic
  9009 | Bailey   | Identified the ring "Puhuz" {*Tele rN+++}
  9026 | Bailey   | Reached XP level 11. HP: 51/79 MP: 7/22
  9028 | Bailey   | Reached skill level 5 in Transmutations
  9538 | D:8      | Found a shadowy altar of Dithmenos.
  9561 | D:8      | Got a bone falchion
  9628 | D:8      | Found a staircase to the Lair.
  9731 | D:8      | Identified the +11 falchion "Fiatofof" {drain, *Slow +Blink
                  | Stlth+} (You found it on level 8 of the Dungeon)
  9882 | D:9      | Found an opulent altar of Gozag.
 10004 | D:9      | Reached skill level 1 in Long Blades
 10019 | D:9      | Reached skill level 7 in Earth Magic
 10167 | D:9      | Found a runed translucent door.
 10173 | D:9      | Noticed a stone giant
 10416 | D:9      | Found a shadowy altar of Dithmenos.
 10502 | D:9      | Noticed a white ugly thing
 10502 | D:9      | Noticed a deep troll
 10543 | D:9      | Noticed an unseen horror
 10543 | D:9      | a spriggan changed into an unseen horror
 10593 | D:10     | Entered Level 10 of the Dungeon
 11096 | D:10     | Reached skill level 5 in Fire Magic
 11298 | D:10     | Reached ****** piety under Kikubaaqudgha
 11299 | D:10     | Reached skill level 8 in Earth Magic
 11300 | D:10     | Received a gift from Kikubaaqudgha
 11433 | D:10     | Fell from the grace of Kikubaaqudgha
 11604 | D:11     | Reached skill level 5 in Necromancy
 11621 | D:11     | Noticed an unseen horror
 11638 | D:11     | Killed an unseen horror
 11735 | D:11     | Noticed a cyclops
 11744 | D:11     | Killed a cyclops
 11808 | D:11     | Reached skill level 9 in Earth Magic
 11889 | D:11     | Found a glowing golden altar of the Shining One.
 11907 | D:11     | Found a runed translucent door.
 11907 | D:11     | Noticed dracos369's ghost (journeyman VSFi)
 12147 | D:12     | Noticed a manticore
 12153 | D:12     | Killed a manticore
 12154 | D:12     | Reached XP level 12. HP: 65/86 MP: 10/24
 12160 | D:12     | Found a staircase to the Orcish Mines.
 12286 | Orc:1    | Entered Level 1 of the Orcish Mines
 12309 | Orc:1    | Found Nonluco's Antique Weapon Emporium.
 12842 | Orc:1    | Reached skill level 10 in Earth Magic
 13118 | Orc:1    | Noticed an ettin
 13147 | Orc:1    | Killed an ettin
 14195 | Orc:2    | Entered Level 2 of the Orcish Mines
 14217 | Orc:2    | Noticed an ettin
 14222 | Orc:2    | Reached skill level 11 in Earth Magic
 14225 | Orc:2    | Killed an ettin
 14527 | Orc:2    | Found a one-way gate to the infinite horrors of the Abyss.
 15030 | Orc:2    | Noticed a soul eater
 15646 | Orc:2    | Reached skill level 12 in Earth Magic
 15745 | Orc:2    | Reached skill level 1 in Shields
 16031 | D:12     | Noticed a two-headed ogre
 16046 | D:12     | Reached XP level 13. HP: 38/91 MP: 20/25
 16113 | D:11     | Was forgiven by Kikubaaqudgha
 16444 | D:12     | Reached skill level 5 in Shields
 16715 | D:12     | Noticed a four-headed hydra
 16770 | D:12     | Killed a four-headed hydra
 17570 | D:13     | Noticed Jorgrun
 17579 | D:13     | Killed Jorgrun
 18330 | D:14     | Reached XP level 14. HP: 41/101 MP: 9/26
 18442 | D:14     | Found a gate to the Vaults.
 19056 | D:15     | Entered Level 15 of the Dungeon
 19095 | D:15     | Noticed Roxanne
 19178 | D:15     | Killed Roxanne
 19179 | D:15     | Reached skill level 10 in Necromancy
 19179 | D:15     | Reached skill level 13 in Earth Magic
 19427 | D:15     | Noticed Agnes
 19434 | D:15     | Killed Agnes
 19502 | D:15     | Found a hazy altar of Hepliaklqana.
 19793 | D:15     | Reached skill level 14 in Earth Magic
 19970 | D:15     | Found Ixkiocol's Jewellery Shop.
 19994 | D:15     | HP: 5/101 [centaur/arrow[a centaur warrior] (5)]
 19994 | D:15     | Shot with an arrow by a centaur

Illustrated notes

Levels and vault maps discovered:
D:1:      nzn_arrival_crosshair, layout_basic
D:2:      layout_loops_corners, nicolae_overflow_hidden_temple, corexii_shack,
          minmay_distorted
D:3:      layout_basic, grunt_temple_overflow_diamond
D:4:      kennysheep_kobold_camp, layout_basic, lemuel_zombie_altar_yredelemnul,
          minmay_temple_entry_slanted, uniq_edmund
D:5:      layout_loops_ring, serial_aquarium, aquarium_bridge_straight
          [aquarium_subvault_bridge, aquarium_subvault_wall,
          aquarium_subvault_bridge, aquarium_subvault_balcony],
          aquarium_window_1, aquarium_window_fake, aquarium_view_2c,
          aquarium_balcony_double_1, serial_shops, shop_fountains,
          grunt_gozag_statues
D:6:      layout_basic, minmay_misc_feat_x, trog_eyes_of_draining, uniq_duvessa
D:7:      layout_rooms
D:8:      layout_loops_cross, lair_entry_dummy, enter_bailey_3,
          amcnicky_mini_pool_small, amethyst_killhole,
          nicolae_dithmenos_the_darkroom, uniq_maggie, uniq_maurice
D:9:      layout_layer_cave, lemuel_crystal_altar, kennysheep_little_box,
          minivault_13
D:10:     layout_big_octagon
D:11:     layout_roguey, hellmonk_ghost_happy_afterlife, basic_altar,
          lightli_minifort
D:12:     layout_rooms, orc_david_3
D:13:     layout_loops_corners, uniq_jorgrun
D:14:     layout_irregular_city, david_vaults_2, minmay_misc_feat_iff
D:15:     gammafunk_enter_depths_forms, layout_layer_cave,
          kennysheep_flooded_box, basic_altar, serial_shops, shop, uniq_roxanne,
          uniq_agnes, uniq_josephine
Temple:   regret_index_temple_waves
Orc:1:    layout_caves, serial_shops, shop
Orc:2:    grunt_orc_cross, layout_caves, serial_shops, shop,
          amcnicky_altar_lugonu_corruption, uniq_azrael

Skill      XL: |  1  2  3  4  5  6  7  8  9 10 11 12 13 14 |
---------------+-------------------------------------------+-----
Conjurations   | 4 5 6 |  6.0
Fighting       | 1 2 3 4 5 6 |  6.6
Armour         | 1 2 3 4 5 6 |  6.6
Spellcasting   | 3 6 7 8 |  8.0
Dodging        | 3 4 |  4.6
Poison Magic   | 1 4 |  4.0
Fire Magic     | 1 3 5 |  5.0
Air Magic      | 1 2 3 4 |  4.0
Transmutations | 2 4 6 |  6.0
Necromancy     | 1 2 6 9 10 | 10.0
Polearms       | 1 |  1.0
Earth Magic    | 6 9 12 14 | 14.3
Long Blades    | 1 |  1.0
Shields        | 3 9 |  9.0
Stealth        | |  2.4

Action                   |  1- 3 |  4- 6 |  7- 9 | 10-12 | 13-15 || total
-------------------------+-------+-------+-------+-------+-------++-------
Melee: Unarmed           |    20 |       |       |       |       ||    20
       Short sword       |    11 |     3 |       |       |       ||    14
       Falchion          |       |    12 |       |   330 |   172 ||   514
       Flail             |       |       |    60 |     4 |       ||    64
       Whip              |       |       |    19 |    59 |       ||    78
       Spear             |       |       |       |   126 |       ||   126
       Trident           |       |       |       |    62 |       ||    62
       Glaive            |       |       |       |    64 |     9 ||    73
Throw: Dart              |       |     3 |     8 |    18 |       ||    29
 Cast: Magic Dart        |    30 |    24 |    34 |    13 |     1 ||   102
       Searing Ray       |    10 |    23 |    59 |       |       ||    92
       Conjure Flame     |       |       |     8 |    88 |    27 ||   123
       Mephitic Cloud    |       |       |     6 |    80 |     1 ||    87
       Sublimation of Bl |       |       |       |    13 |     5 ||    18
       Dispel Undead     |       |       |       |     9 |    12 ||    21
       Borgnjor's Vile C |       |       |       |    49 |    65 ||   114
       Vampiric Draining |       |       |       |     8 |     2 ||    10
Invok: Receive Necronomi |       |       |       |     1 |       ||     1
       Renounce Religion |       |       |       |     1 |       ||     1
 Abil: Dig               |       |     6 |    27 |    76 |    15 ||   124
       Shaft Self        |       |       |     2 |       |       ||     2
  Use: Scroll            |       |     2 |     3 |     8 |       ||    13
 Stab: Sleeping          |       |     1 |       |     3 |     1 ||     5
       Confused          |       |       |       |    18 |       ||    18
       Distracted        |       |       |       |     1 |       ||     1
Armor: Robe              |    16 |     4 |    17 |     4 |       ||    41
       Steam dragon scal |       |       |       |   141 |    59 ||   200
       Leather armour    |       |       |       |     7 |       ||     7
Dodge: Dodged            |    23 |    22 |    85 |   310 |    93 ||   533
Block: Kite shield       |       |       |       |       |    84 ||    84
       Rpst.: Falchion   |       |     5 |       |    67 |    23 ||    95
